TOP OF THE 1ST |
Portland Privateers batting - Pitching for Allentown Hillbillies : RHP Rich Townsley
|
Pitching: RHP Rich Townsley
|
|
Batting: RHB Luis Pineda
|
0-0: Called Strike 0-1: Foul Ball, location: 2F 0-2: Strikes out looking
|
Batting: SHB Bobby Cox
|
0-0: Ball 1-0: Foul Ball, location: 2F 1-1: Foul Ball, location: 2F 1-2: Ground out 5-3 (Groundball, 5S)
|
Batting: SHB Patrick Larson
|
0-0: Ball 1-0: Ground out U3 (Groundball, 3)
|
Top of the 1st over - 0 run(s), 0 hit(s), 0 error(s), 0 left on base; Portland 0 - Allentown 0 |
BOTTOM OF THE 1ST |
Allentown Hillbillies batting - Pitching for Portland Privateers : LHP Pedro Santana
|
Pitching: LHP Pedro Santana
|
|
Batting: SHB Nate Rhodes
|
0-0: Bunted foul 0-1: DOUBLE (Line Drive, 89D)
|
Batting: RHB Jimmy Simon
|
0-0: Ball 1-0: Called Strike Nate Rhodes steals 3rd base 1-1: Called Strike 1-2: Strikes out looking
|
Batting: SHB Oliver Deleón
|
0-0: Ball 1-0: Fly out, F9 (Flyball, 89D) Runner from 3rd tags up, SCORES, no throw
|
Batting: RHB Millard Stark
|
0-0: Ball 1-0: Called Strike 1-1: Foul Ball, location: 2F 1-2: Strikes out swinging
|
Bottom of the 1st over - 1 run(s), 1 hit(s), 0 error(s), 0 left on base; Portland 0 - Allentown 1 |
TOP OF THE 2ND |
Portland Privateers batting - Pitching for Allentown Hillbillies : RHP Rich Townsley
|
Batting: LHB Dillon Beck
|
0-0: Ball 1-0: Ball 2-0: Called Strike 2-1: Swinging Strike 2-2: Strikes out swinging, 2-3 out at first.
|
Batting: RHB Júlio Vélez
|
0-0: Ball 1-0: Called Strike 1-1: Foul Ball, location: 2F 1-2: Ball 2-2: Ground out 6-3 (Groundball, 6)
|
Batting: LHB Jerry Douglas
|
0-0: Ground out 4-3 (Groundball, 4)
|
Top of the 2nd over - 0 run(s), 0 hit(s), 0 error(s), 0 left on base; Portland 0 - Allentown 1 |
BOTTOM OF THE 2ND |
Allentown Hillbillies batting - Pitching for Portland Privateers : LHP Pedro Santana
|
Batting: RHB Diego Rivera
|
0-0: Foul Ball, location: 2F 0-1: Ball 1-1: Called Strike 1-2: Strikes out swinging
|
Batting: RHB José Mora
|
0-0: Ball 1-0: Ball 2-0: Ball 3-0: Base on Balls
|
Batting: RHB Chad Huggins
|
0-0: Ball 1-0: Foul Ball, location: 2F 1-1: Ball 2-1: Fly out, F7 (Flyball, 8LM)
|
Batting: SHB Juan Acevado
|
0-0: Ball 1-0: Ball 2-0: Ball 3-0: Base on Balls José Mora to second
|
Batting: RHB Joel Jackson
|
0-0: Called Strike 0-1: Ball 1-1: Ball 2-1: Called Strike 2-2: Ball 3-2: SINGLE (Line Drive, 56) José Mora to third Juan Acevado to second José Mora scores Juan Acevado to third
|
Batting: SHB Nate Rhodes
|
0-0: Called Strike 0-1: Fly out, F3 (Popup, 3SF)
|
Bottom of the 2nd over - 1 run(s), 1 hit(s), 0 error(s), 2 left on base; Portland 0 - Allentown 2 |
TOP OF THE 3RD |
Portland Privateers batting - Pitching for Allentown Hillbillies : RHP Rich Townsley
|
Batting: LHB Jeff Dorney
|
0-0: Called Strike 0-1: Fly out, F8 (Popup, 8LS)
|
Batting: LHB Jacob Wright
|
0-0: Called Strike 0-1: Foul Ball, location: 2F 0-2: Ball 1-2: Foul Ball, location: 2F 1-2: Ball 2-2: Foul Ball, location: 2F 2-2: Ball 3-2: SINGLE (Flyball, 7S)
|
Batting: RHB Carlos Castro
|
0-0: Called Strike 0-1: Ground out 6-3 (Groundball, 6S) Jacob Wright to second
|
Batting: RHB Luis Pineda
|
0-0: Foul Ball, location: 2F 0-1: Foul Ball, location: 2F 0-2: Ball 1-2: Ball 2-2: Strikes out looking
|
Top of the 3rd over - 0 run(s), 1 hit(s), 0 error(s), 1 left on base; Portland 0 - Allentown 2 |
BOTTOM OF THE 3RD |
Allentown Hillbillies batting - Pitching for Portland Privateers : LHP Pedro Santana
|
Batting: RHB Jimmy Simon
|
0-0: Foul Ball, location: 2F 0-1: Ball 1-1: Ball 2-1: Ground out 4-3 (Groundball, 4)
|
Batting: SHB Oliver Deleón
|
0-0: Foul Ball, location: 2F 0-1: Foul Ball, location: 2F 0-2: Ball 1-2: Ball 2-2: Strikes out swinging
|
Batting: RHB Millard Stark
|
0-0: Ball 1-0: Called Strike 1-1: SINGLE (Groundball, 56D)
|
Batting: RHB Diego Rivera
|
0-0: Called Strike 0-1: Swinging Strike 0-2: Ball 1-2: Foul Ball, location: 2F 1-2: SINGLE (Flyball, 89S) Millard Stark to second Runner from 2nd tries for 3rd, SAFE, throw made to third Diego Rivera to second
|
Batting: RHB José Mora
|
0-0: Fly out, F8 (Flyball, 8RXD)
|
Bottom of the 3rd over - 0 run(s), 2 hit(s), 0 error(s), 2 left on base; Portland 0 - Allentown 2 |
TOP OF THE 4TH |
Portland Privateers batting - Pitching for Allentown Hillbillies : RHP Rich Townsley
|
Batting: SHB Bobby Cox
|
0-0: SINGLE (Groundball, 4MD)
|
Batting: SHB Patrick Larson
|
0-0: Ball 1-0: Called Strike 1-1: Called Strike 1-2: SINGLE (Line Drive, 56D) Bobby Cox to second
|
Batting: LHB Dillon Beck
|
0-0: Ball 1-0: Swinging Strike 1-1: Ball 2-1: Foul Ball, location: 2F 2-2: Ball 3-2: Strikes out swinging
|
Batting: RHB Júlio Vélez
|
0-0: Ball 1-0: Ground out 2-3 (Groundball, 25) Bobby Cox to third Patrick Larson to second
|
Batting: LHB Jerry Douglas
|
0-0: Ball 1-0: Fly out, F8 (Flyball, 78M)
|
Top of the 4th over - 0 run(s), 2 hit(s), 0 error(s), 2 left on base; Portland 0 - Allentown 2 |
BOTTOM OF THE 4TH |
Allentown Hillbillies batting - Pitching for Portland Privateers : LHP Pedro Santana
|
Batting: RHB Chad Huggins
|
0-0: Called Strike 0-1: Ball 1-1: Ball 2-1: Ball 3-1: Foul Ball, location: 2F 3-2: Foul Ball, location: 2F 3-2: Fly out, F7 (Flyball, 78S)
|
Batting: SHB Juan Acevado
|
0-0: Ball 1-0: Ball 2-0: Ball 3-0: Called Strike 3-1: Swinging Strike 3-2: Strikes out swinging, 2-3 out at first.
|
Batting: RHB Joel Jackson
|
0-0: Called Strike 0-1: Ball 1-1: Foul Ball, location: 2F 1-2: Strikes out swinging
|
Bottom of the 4th over - 0 run(s), 0 hit(s), 0 error(s), 0 left on base; Portland 0 - Allentown 2 |
TOP OF THE 5TH |
Portland Privateers batting - Pitching for Allentown Hillbillies : RHP Rich Townsley
|
Batting: LHB Jeff Dorney
|
0-0: Ball 1-0: Foul Ball, location: 2F 1-1: Swinging Strike 1-2: Foul Ball, location: 2F 1-2: Strikes out swinging
|
Batting: LHB Jacob Wright
|
0-0: Ball 1-0: Called Strike 1-1: Swinging Strike 1-2: Strikes out swinging
|
Batting: RHB Carlos Castro
|
0-0: Ball 1-0: Ball 2-0: Ball 3-0: Called Strike 3-1: Base on Balls
|
Batting: RHB Luis Pineda
|
0-0: Ball 1-0: Foul Ball, location: 2F 1-1: Ground out 6-3 (Groundball, 6)
|
Top of the 5th over - 0 run(s), 0 hit(s), 0 error(s), 1 left on base; Portland 0 - Allentown 2 |
BOTTOM OF THE 5TH |
Allentown Hillbillies batting - Pitching for Portland Privateers : LHP Pedro Santana
|
Batting: SHB Nate Rhodes
|
0-0: SINGLE (Groundball, 4MD)
|
Batting: RHB Jimmy Simon
|
0-0: Called Strike 0-1: Ball 1-1: 2-RUN HOME RUN (Flyball, 7LD), Distance : 380 ft
|
Pitching: RHP Mario Ramos
|
|
Batting: SHB Oliver Deleón
|
0-0: Swinging Strike 0-1: Foul Ball, location: 2F 0-2: Ball 1-2: Ball 2-2: Strikes out looking
|
Batting: RHB Millard Stark
|
0-0: Ball 1-0: Ball 2-0: Called Strike 2-1: Ground out 4-3 (Groundball, 4)
|
Batting: RHB Diego Rivera
|
0-0: Ball 1-0: Ball 2-0: Called Strike 2-1: Swinging Strike 2-2: Ball 3-2: SINGLE (Flyball, 78S) - OUT at second base trying to stretch hit.
|
Bottom of the 5th over - 2 run(s), 3 hit(s), 0 error(s), 0 left on base; Portland 0 - Allentown 4 |
TOP OF THE 6TH |
Portland Privateers batting - Pitching for Allentown Hillbillies : RHP Rich Townsley
|
Batting: SHB Bobby Cox
|
0-0: Called Strike 0-1: Ball 1-1: Swinging Strike 1-2: Strikes out looking
|
Batting: SHB Patrick Larson
|
0-0: Swinging Strike 0-1: Ball 1-1: Ball 2-1: SINGLE (Groundball, 25) (infield hit)
|
Pitching: LHP Dan Rogers
|
|
Batting: LHB Dillon Beck
|
0-0: Ball 1-0: Called Strike Patrick Larson is caught stealing 2nd base 1-1: Called Strike 1-2: Foul Ball, location: 2F 1-2: Ball 2-2: Foul Ball, location: 2F 2-2: Ball 3-2: Base on Balls
|
Batting: RHB Júlio Vélez
|
0-0: Ball 1-0: Called Strike 1-1: Called Strike 1-2: Foul Ball, location: 2F 1-2: Ball 2-2: Strikes out swinging
|
Top of the 6th over - 0 run(s), 1 hit(s), 0 error(s), 1 left on base; Portland 0 - Allentown 4 |
BOTTOM OF THE 6TH |
Allentown Hillbillies batting - Pitching for Portland Privateers : RHP Mario Ramos
|
Batting: RHB José Mora
|
0-0: Called Strike 0-1: Ball 1-1: SINGLE (Groundball, 6MD)
|
Batting: RHB Chad Huggins
|
0-0: Called Strike 0-1: Called Strike 0-2: Ball 1-2: Ball José Mora steals 2nd base 2-2: Hit by Pitch
|
Batting: SHB Juan Acevado
|
0-0: Called Strike 0-1: Called Strike 0-2: Grounds into double play, 4-6-3 (Groundball, 4) José Mora to third
|
Batting: RHB Joel Jackson
|
0-0: Called Strike 0-1: Called Strike 0-2: Ball 1-2: Foul Ball, location: 2F 1-2: Ball 2-2: SINGLE (Line Drive, 9LS) José Mora scores
|
Pitching: RHP Héctor Negrón
|
|
Batting: SHB Nate Rhodes
|
0-0: Foul Ball, location: 2F 0-1: Ball 1-1: Ball 2-1: Ball 3-1: Called Strike 3-2: Strikes out swinging
|
Bottom of the 6th over - 1 run(s), 2 hit(s), 0 error(s), 1 left on base; Portland 0 - Allentown 5 |
TOP OF THE 7TH |
Portland Privateers batting - Pitching for Allentown Hillbillies : LHP Dan Rogers
|
Batting: LHB Jerry Douglas
|
0-0: Swinging Strike 0-1: Ball 1-1: Ball 2-1: Foul Ball, location: 2F 2-2: Strikes out swinging
|
Batting: LHB Jeff Dorney
|
0-0: Ball 1-0: Ball 2-0: Fly out, F4 (Line Drive, 4D)
|
Batting: LHB Jacob Wright
|
0-0: Ball 1-0: Called Strike 1-1: Foul Ball, location: 2F 1-2: Ball 2-2: Foul Ball, location: 2F 2-2: Foul Ball, location: 2F 2-2: Foul Ball, location: 2F 2-2: Strikes out swinging
|
Top of the 7th over - 0 run(s), 0 hit(s), 0 error(s), 0 left on base; Portland 0 - Allentown 5 |
BOTTOM OF THE 7TH |
Allentown Hillbillies batting - Pitching for Portland Privateers : RHP Héctor Negrón
|
Batting: RHB Jimmy Simon
|
0-0: Called Strike 0-1: Swinging Strike 0-2: Foul Ball, location: 2F 0-2: Ground out 6-3 (Groundball, 6M)
|
Batting: SHB Oliver Deleón
|
0-0: Called Strike 0-1: Ground out 3-1 (Groundball, 34)
|
Batting: RHB Millard Stark
|
0-0: Ball 1-0: Ball 2-0: SOLO HOME RUN (Flyball, 7D), Distance : 434 ft
|
Batting: RHB Diego Rivera
|
0-0: Ball 1-0: Foul Ball, location: 2F 1-1: Ball 2-1: Fly out, F4 (Popup, 3D)
|
Bottom of the 7th over - 1 run(s), 1 hit(s), 0 error(s), 0 left on base; Portland 0 - Allentown 6 |
TOP OF THE 8TH |
Portland Privateers batting - Pitching for Allentown Hillbillies : LHP Dan Rogers
|
Batting: RHB Carlos Castro
|
0-0: Called Strike 0-1: Foul Ball, location: 2F 0-2: Foul Ball, location: 2F 0-2: Foul Ball, location: 2F 0-2: Ground out 4-3 (Groundball, 4)
|
Pitching: RHP Ismael Velásquez
|
|
Batting: RHB Luis Pineda
|
0-0: Called Strike 0-1: Ball 1-1: Ball 2-1: Ball 3-1: Base on Balls
|
Batting: SHB Bobby Cox
|
0-0: Ball 1-0: Ball 2-0: Called Strike 2-1: Foul Ball, location: 2F 2-2: Strikes out looking
|
Batting: SHB Patrick Larson
|
0-0: Called Strike 0-1: Ball 1-1: Ball 2-1: Swinging Strike 2-2: SINGLE (Flyball, 8LS) Luis Pineda to second Runner from 2nd tries for 3rd, SAFE, throw made to third
|
Batting: LHB Dillon Beck
|
0-0: Called Strike 0-1: SINGLE (Flyball, 8RS) Luis Pineda scores Patrick Larson to second
|
Batting: RHB Júlio Vélez
|
0-0: Ball 1-0: Ball 2-0: Fly out, F4 (Line Drive, 4MS)
|
Top of the 8th over - 1 run(s), 2 hit(s), 0 error(s), 2 left on base; Portland 1 - Allentown 6 |
BOTTOM OF THE 8TH |
Allentown Hillbillies batting - Pitching for Portland Privateers : RHP Héctor Negrón
|
Batting: RHB José Mora
|
0-0: Called Strike 0-1: Swinging Strike 0-2: Strikes out looking
|
Batting: RHB Chad Huggins
|
0-0: Called Strike 0-1: Swinging Strike 0-2: Ball 1-2: Foul Ball, location: 2F 1-2: Ball 2-2: Ball 3-2: Ground out 5-3 (Groundball, 5)
|
Pitching: RHP Carlos Molina
|
|
Batting: SHB Juan Acevado
|
0-0: Ball 1-0: Ball 2-0: Ball 3-0: Base on Balls
|
Batting: RHB Joel Jackson
|
0-0: Called Strike 0-1: Ball 1-1: DOUBLE (Flyball, 89D) Juan Acevado to third Runner from 3rd tries for Home, SAFE, no throw or cutoff
|
Batting: SHB Nate Rhodes
|
0-0: Foul Ball, location: 2F 0-1: Ball 1-1: Ball 2-1: Fly out, F8 (Flyball, 8RM)
|
Bottom of the 8th over - 1 run(s), 1 hit(s), 0 error(s), 1 left on base; Portland 1 - Allentown 7 |
TOP OF THE 9TH |
Portland Privateers batting - Pitching for Allentown Hillbillies : RHP Ismael Velásquez
|
Now at 2B: Enrique Bermúdez
|
|
Batting: LHB Jerry Douglas
|
0-0: Called Strike 0-1: Foul Ball, location: 2F 0-2: Ball 1-2: Strikes out swinging
|
Batting: LHB Jeff Dorney
|
0-0: Called Strike 0-1: SINGLE (Groundball, 4MD) (infield hit)
|
Batting: LHB Jacob Wright
|
0-0: Called Strike 0-1: Swinging Strike 0-2: Strikes out swinging
|
Batting: RHB Carlos Castro
|
0-0: Called Strike 0-1: Fly out, F5 (Line Drive, 56)
|
Top of the 9th over - 0 run(s), 1 hit(s), 0 error(s), 1 left on base; Portland 1 - Allentown 7 |
|